 Dungeon Crawl Stone Soup version 0.29.1-2-gbd0b4ee654 (webtiles) character file.

Game seed: 1326169779554452702

12 Omegus91 the Ruffian (level 2, -4/23 HPs)
             Began as a Draconian Transmuter on Nov 8, 2022.
             Slain by Terence
             ... wielding a +0 flail
              (11 damage)
             ... on level 2 of the Dungeon.
             The game lasted 00:01:25 (413 turns).

Omegus91 the Ruffian (Draconian Transmuter)          Turns: 413, Time: 00:01:25

Health: -4/23      AC:  4    Str: 12    XL:     2   Next: 20%
Magic:  4/5        EV: 12    Int: 13    God:
Gold:   20         SH:  0    Dex: 11    Spells: 4/5 levels left

rFire   . . .      SeeInvis .     - Unarmed
rCold   . . .      Faith    .   (no shield)
rNeg    . . .      Spirit   .   (body armour unavailable)
rPois   .          Reflect  .   (helmet currently unavailable)
rElec   .          Harm     .   (no cloak)
rCorr   .          Rampage  .   (no gloves)
Will    .....                   (boots currently unavailable)
Stlth   +.........              (no amulet)
HPRegen 0.07/turn               (no ring)
MPRegen 0.09/turn               (no ring)

@: appendages
A: horns 2, talons 2, AC +4, unfitting armour, cold-blooded
a: End Transformation


You were on level 2 of the Dungeon.
You had temporarily grown beastly horns and talons.
You visited 1 branch of the dungeon, and saw 2 of its levels.

You collected 20 gold pieces.

Inventory:

Scrolls
 b - a scroll of identify {unknown}
Potions
 a - a potion of lignification
 c - a potion of resistance {unknown}


   Skills:
 + Level 1.4 Fighting
 - Level 1.7 Dodging
 + Level 0.6 Stealth
 * Level 3.3 Unarmed Combat
 - Level 2.0 Spellcasting
 + Level 2.2 Transmutations


You had 4 spell levels left.
You knew the following spells:

 Your Spells              Type           Power      Damage    Failure   Level
a - Beastly Appendage     Tmut           14%        N/A       11%         1

Your spell library contained the following spells:

 Spells                   Type           Power      Damage    Failure   Level
 Wereblood                Tmut           7%         N/A       16%         2
 Slow                     Hex            4%         N/A       26%         1
 Spider Form              Tmut/Pois      4%         N/A       43%         3
 Confusing Touch          Hex            1%         N/A       58%         3
 Vampiric Draining        Necr           1%         2d6       58%         3
 Ice Form                 Ice/Tmut       4%         N/A       85%         4


Dungeon Overview and Level Annotations

Branches:
Dungeon (1/15)

Altars:
Lugonu

Shops:
D:2 :

Portals:
Abyss: D:1

Annotations:
D:1 2 runed translucent doors
D:2 Terence


Innate Abilities, Weirdness & Mutations

You have temporarily grown beastly horns and talons.
Your plain brown scales are hard. (AC +4)
You cannot fit into any form of body armour.
You are cold-blooded and may be slowed by cold attacks.


Message History

The giant cockroach is almost dead.
The giant cockroach barely misses you.
You closely miss the giant cockroach.
The giant cockroach is almost dead.
The giant cockroach bites you but does no damage.
You hit the giant cockroach but do no damage.
Your kick misses the giant cockroach.
Your headbutt misses the giant cockroach.
The giant cockroach is severely wounded.
The giant cockroach bites you but does no damage.
You closely miss the giant cockroach. You claw the giant cockroach.
The giant cockroach is almost dead.
The giant cockroach barely misses you.
You hit the giant cockroach.
You kill the giant cockroach!
No target in view!
Magic restored.
Your horns disappear.
Your talons disappear.
Terence the Incautious comes into view.
He is wielding a +0 flail, wearing a +4 chain mail of cold resistance and carrying a wand of roots (4).
Terence shouts!
Terence zaps a wand.
The roots erupt in riotous growth!
The grasping roots grab you! The grasping roots constrict you.
You hear an angry hiss.
You escape the roots grasp.
Casting: Beastly Appendage (safe; 11% risk of failure)
Confirm with . or Enter, or press ? or * to list all spells.
You grow a pair of large bovine horns.
Your feet morph into talons.
Terence zaps a wand.
The roots erupt in riotous growth!
The grasping roots grab you! The grasping roots constrict you.
You hear an angry hiss.
You escape the roots grasp.
Found a robe.
Terence barely misses you.
You hit Terence but do no damage. Your kick misses Terence.
Terence hits you with a +0 flail!
You are too injured to fight recklessly!
You are too injured to fight recklessly!
You are too injured to fight recklessly!
Terence attacks as you move away! Terence hits you with a +0 flail!
You die...

#.# #.# #.#
##†##
##...######
#..........
#....######
##[#.#.##
.....♣@########
#.#...@.......
#...♣∩♣.....###
....##..####.#
###. #♣. # # #.
#. #. #.


You could see Terence.

Vanquished Creatures
  A dart slug (D:1)
  A ball python (D:1)
  An endoplasm (D:1)
  A giant cockroach (D:2)
  4 jackals (D:1)
8 creatures vanquished.

Notes
Turn   | Place    | Note
-------+----------+-------------------------------------------
     0 | D:1      | Omegus91 the Draconian Transmuter began the quest for the
                  | Orb.
     0 | D:1      | Reached XP level 1. HP: 16/16 MP: 3/3
   282 | D:1      | Found a large runed translucent door.
   282 | D:1      | Found a large runed translucent door.
   282 | D:1      | Found a one-way gate to the infinite horrors of the Abyss.
   282 | D:1      | Noticed a crimson imp
   283 | D:1      | Noticed a quasit
   284 | D:1      | Noticed a quasit
   288 | D:1      | Reached XP level 2. HP: 22/23 MP: 3/5
   292 | D:1      | Noticed a crimson imp
   298 | D:1      | Noticed a crimson imp
   306 | D:1      | Found a corrupted altar of Lugonu.
   307 | D:1      | Noticed a crimson imp
   388 | D:1      | You fall into a shaft and drop 1 floor!
   388 | D:2      | Found Maunomuz's Book Shop.
   406 | D:2      | Noticed Terence
   413 | D:2      | Slain by Terence

Illustrated notes

Levels and vault maps discovered:
D:1:      erik_arrival_cave_to_civilisation [erik_arrival_cave_to_temple],
          layout_basic
D:2:      layout_loops_ring, serial_shops, shop, nicolae_shop_trees,
          nicolae_shop_stone, shop, minmay_tromino_v2, uniq_terence

Action                   || total
-------------------------++-------
Melee: Unarmed           ||    25
       Tailslap          ||     4
       Kick              ||     5
       Headbutt          ||     3
 Cast: Beastly Appendage ||     5
Armor: Skin              ||     8
Dodge: Dodged            ||    14
